 Dungeon Crawl Stone Soup version 0.23.2-40-g277498a (webtiles) character file.

Game seed: 3344328799040837812

227862 BoppinsLewinski the Executioner (level 18, -8/119 HPs)
             Began as a Tengu Berserker on Sept 9, 2019.
             Was the Champion of Trog.
             Mangled by an ironheart preserver
             ... wielding a +1 dire flail of protection
              (9 damage)
             ... on level 1 of the Vaults on Sept 13, 2019.
             The game lasted 02:37:37 (40946 turns).

BoppinsLewinski the Executioner (Tengu Berserker)  Turns: 40946, Time: 02:37:38

Health: -8/119     AC: 28    Str: 26    XL:     18   Next: 94%
Magic:  25/25      EV: 19    Int:  7    God:    Trog [******]
Gold:   3397       SH:  0    Dex: 17    Spells: 17/17 levels left

rFire    . . .     SeeInvis .   j - +9 executioner's axe (vamp)
rCold    . . .     Gourm    .   (shield currently unavailable)
rNeg     + . .     Faith    +   v - +4 plate armour
rPois    +         Spirit   .   t - +0 hat
rElec    .         Reflect  .   A - +2 ratskin cloak {+Rats rPois rN+ Str-1 Int-1 Dex+1}
rCorr    .         Harm     .   n - +2 pair of gloves
MR       ++++.                  (boots unavailable)
Stlth    ..........             d - amulet of faith
HPRegen  1.29/turn              Q - +4 ring of strength
MPRegen  0.19/turn              L - ring of protection from magic

@: flying quickly and evasively, regenerating, quick
A: beak, talons 3, able to fly
}: 2/15 runes: decaying, gossamer
a: Stop Flying, Berserk, Trog's Hand, Brothers in Arms, Renounce Religion, Evoke
Ratskin


You were on level 1 of the Vaults.
You worshipped Trog.
Trog was exalted by your worship.
You were very hungry.

You visited 6 branches of the dungeon, and saw 31 of its levels.
You also visited: Ice Cave.

You collected 3421 gold pieces.
You spent 24 gold pieces at shops.

Inventory:

Hand Weapons
 f - the +4 mace of Cuwaires {flame, MR+ Int+5 Dex-5}
   (You found it on level 14 of the Dungeon)

   It has been specially enchanted to burn those struck by it, causing extra
   injury to most foes and up to half again as much damage against particularly
   susceptible opponents.
   It affects your intelligence (+5).
   It affects your dexterity (-5).
   It affects your resistance to hostile enchantments.
 j - a +9 vampiric executioner's axe (weapon)
 C - a +8 executioner's axe of freezing
Armour
 n - a +2 pair of gloves (worn)
 t - a +0 hat (worn)
 v - a +4 plate armour (worn)
 A - the +2 ratskin cloak (worn) {+Rats rPois rN+ Str-1 Int-1 Dex+1}
   (You found it on level 5 of the Dungeon)

   It affects your strength (-1).
   It affects your intelligence (-1).
   It affects your dexterity (+1).
   It protects you from poison.
   It protects you from negative energy.
Jewellery
 d - an amulet of faith (around neck)
 h - an uncursed amulet of the acrobat
 o - an uncursed amulet of the gourmand
 r - an uncursed ring of resist corrosion
 u - an uncursed ring of protection from fire
 H - an uncursed ring of fire {unknown}
 L - a ring of protection from magic (right hand)
 M - a +4 ring of evasion
 O - an uncursed amulet of the gourmand
 P - an uncursed ring of magical power
 Q - a +4 ring of strength (left hand)
 T - an uncursed ring of protection from cold
 U - an uncursed ring of protection from cold
 V - a +3 ring of protection
 W - an uncursed amulet of regeneration {unknown}
Wands
 i - a wand of enslavement (9)
 B - a wand of iceblast (31)
 G - a wand of paralysis (22)
 I - a wand of random effects (7)
 K - a wand of digging (4)
 N - a wand of flame (37)
Scrolls
 b - 13 scrolls of remove curse
 e - 5 scrolls of enchant armour
 k - 10 scrolls of fear
 p - 2 scrolls of blinking
 q - 15 scrolls of teleportation
 D - 2 scrolls of holy word
 E - a scroll of brand weapon {unknown}
 R - a scroll of immolation {unknown}
 S - a scroll of summoning
 Y - a scroll of identify
Potions
 a - 5 potions of lignification
 g - a potion of cancellation
 l - 2 potions of resistance
 s - 3 potions of haste
 w - 2 potions of agility
 x - 5 potions of mutation
 z - a potion of heal wounds
 J - 5 potions of curing
 X - 3 potions of ambrosia
Miscellaneous
 m - a phial of floods
 F - a lightning rod (4/4)
Comestibles
 c - 16 rations


   Skills:
 + Level 15.2 Fighting
 * Level 21.7 Axes
 + Level 16.3 Armour
 + Level 13.1 Dodging
 - Level 8.7 Evocations


You had 17 spell levels left.
You didn't know any spells.
Your spell library was empty.

Dungeon Overview and Level Annotations

Branches:
Dungeon (14/15)            Temple (0/1) D:4            Lair (6/6) D:8
  Swamp (4/4) Lair:2       Spider (4/4) Lair:2        Slime (0/5) Lair:6
    Orc (2/2) D:11            Elf (0/3) Orc:2        Vaults (1/5) D:14

Altars:
Ashenzari
Cheibriados
Dithmenos
Elyvilon
Gozag
Hepliaklqana
Kikubaaqudgha
Qazlal
Sif Muna
Trog
Uskayaw
Vehumet
Wu Jian
Xom
Yredelemnul
Beogh

Shops:
D:2 *   Orc:1 =   Orc:2 }?(!

Portals:
Trove: D:13 (give 4 potions of resistance)

Annotations:
D:7 2 transporters
Lair:5 exclusion: downstairs
Swamp:1 1 runed translucent door, Qemahefa's ghost, adept GrFi
Swamp:2 exclusion: Roxanne, Roxanne
Orc:2 2 transporters, Sonofthefire's ghost, journeyman MiFi
Vaults:1 1 runed translucent door, Yloucecuu's ghost, veteran SpEn


Innate Abilities, Weirdness & Mutations

You have a beak for a mouth.
You have claws for feet.
You can fly continuously.


Message History

Unknown command.
You carve the ironheart preserver like a ham!!!
You claw the ironheart preserver, but do no damage.
The ironheart preserver is almost dead.
You slash something! You slice the sixfirhy!!
You hear a shout!
The sixfirhy barely misses you. The sixfirhy hits you!
* * * LOW HITPOINT WARNING * * *
The sixfirhy shocks you!
* * * LOW HITPOINT WARNING * * *
The sixfirhy hits you but does no damage.
Something hits you.
* * * LOW HITPOINT WARNING * * *
The deep elf annihilator casts a spell.
The deep elf annihilator blinks!
Something hits you!
* * * LOW HITPOINT WARNING * * *
The sixfirhy barely misses you.
The deep elf archer shoots an arrow.
The arrow misses you.
The arrow hits the ironheart preserver!
The ironheart preserver hits you with a +1 dire flail of protection!
You die...

.#'## ##'#.........
##..## ##..#.........
##...## ##...#.........
.###..###..###.........
.# #..'.'..# ##+########
.#############..........
##..............§§§.....
............(..§§3§.....
########....e..§@pe2....
#.......§{§......
#........§.......
#............e...
#................
#................
#................
#.........§......


You could see an ironheart preserver, a balrug, a deep elf annihilator, a deep
elf demonologist, a deep elf archer and a sixfirhy.

Vanquished Creatures
  Arachne (Spider:2)
  2 thorn hunters
  6 emperor scorpions
  5 ghost moths
  An entropy weaver (Spider:4)
  Erolcha (Orc:2)
  5 ogre magi
  2 yaktaur captains (Vaults:1)
  A ghost crab (Swamp:1)
  3 centaur warriors
  18 hydras
  3 shambling mangroves
  4 vault guards (D:14)
  15 two-headed ogres
  11 alligators
  A death yak (Lair:5)
  2 orc high priests
  Nergalle (Orc:2)
  A shadow wraith (Vaults:1)
  A glowing orange brain (Vaults:1)
  3 spriggan druids
  4 unseen horrors
  6 swamp dragons
  An ironbrand convoker (Vaults:1)
  A wizard (Vaults:1)
  A deep elf archer (Vaults:1)
  3 ugly things
  2 orc knights (Vaults:1)
  5 cyclopes
  31 wolf spiders
  10 orc sorcerers
  24 orb spiders
  An oklob plant (D:14)
  2 moths of wrath
  6 elephants (Lair:5)
  A guardian serpent (shapeshifter) (Vaults:1)
  2 ice statues (IceCv)
  6 black mambas
  2 vault sentinels (Vaults:1)
  Psyche (D:9)
  4 centaur skeletons
  2 gargoyles
  16 spiny frogs
  4 rime drakes
  3 torpor snails
  4 ice devils (IceCv)
  12 yaktaurs (Vaults:1)
  23 demonic crawlers
  9 komodo dragons
  10 tyrant leeches
  43 jumping spiders
  7 trolls
  26 hornets
  12 polar bears
  12 blink frogs
  6 bog bodies
  A dream sheep (Lair:6)
  20 slime creatures
  3 raiju (Lair:6)
  9 hippogriffs
  27 tarantellas
  A shadow (Swamp:3)
  9 spriggans
  59 redbacks
  7 wyverns
  2 wraiths (D:13)
  2 hungry ghosts
  3 vampires
  A steam dragon (Lair:4)
  4 basilisks
  28 yaks
  24 vampire mosquitoes
  17 insubstantial wisps
  6 wargs
  12 swamp worms
  17 water moccasins
  7 porcupines
  14 hell hounds (Lair:6)
  Duvessa (D:6)
  27 orc warriors
  13 ice beasts
  15 swamp drakes
  12 black bears
  7 sky beasts
  An eye of draining (D:13)
  23 wolves
  6 phantoms
  32 ogres
  18 centaurs
  16 crocodiles
  3 big kobolds
  3 gnoll sergeants (D:11)
  23 bullfrogs
  Dowan (D:6)
  2 scorpions
  A killer bee (D:9)
  3 wights (D:14)
  3 electric eels
  10 howler monkeys
  2 vampire bats (Lair:6)
  7 crimson imps
  2 centaur zombies
  2 bullfrog zombies
  8 hounds
  3 quasits
  2 bullfrog skeletons
  8 orc priests
  7 jellies
  2 iguanas
  36 orc wizards
  3 hell rats (D:5)
  13 worker ants
  3 hound zombies
  2 hound skeletons
  2 worker ant zombies
  11 adders
  6 gnolls
  A howler monkey skeleton (D:9)
  4 river rats (D:5)
  3 shadow imps
  6 white imps (IceCv)
  7 ufetubi (IceCv)
  8 oozes
  An adder zombie (D:6)
  2 worms (D:2)
  4 dart slugs
  An adder simulacrum (D:9)
  5 leopard geckos
  55 orcs
  3 ball pythons
  6 giant cockroaches
  5 goblins
  11 hobgoblins
  10 jackals
  4 quokkas
  21 bats
  3 frilled lizards
  A jackal skeleton (D:4)
  12 kobolds
  A leopard gecko zombie (D:6)
  A quokka skeleton (D:9)
  A quokka zombie (D:9)
  23 rats
  7 briar patches
  2 fungi
  3 plants (Lair:6)
1212 creatures vanquished.

Vanquished Creatures (collateral kills)
  Mara (Swamp:4)
  Harold (D:7)
  4 hydras
  2 death yaks (Lair:6)
  A troll (D:11)
  A redback (Spider:3)
  A tarantella (Spider:3)
  A phantom (D:11)
  A centaur (D:7)
  3 howler monkeys (D:7)
  A crimson imp (D:7)
17 creatures vanquished.

Vanquished Creatures (others)
  A tyrant leech (Swamp:1)
  A water moccasin (Lair:6)
  A centaur (D:5)
  A hound (D:5)
  An orc wizard (Orc:2)
  A white imp (IceCv)
  3 ufetubi (IceCv)
  An orc (Orc:2)
  A quokka (D:5)
  A ball python skeleton (D:5)
  A leopard gecko skeleton (D:5)
  A fungus (Swamp:1)
  15 plants
29 creatures vanquished.

Grand Total: 1258 creatures vanquished

Notes
Turn   | Place    | Note
-------+----------+-------------------------------------------
     0 | D:1      | BoppinsLewinski the Tengu Berserker began the quest for the
                  | Orb.
     0 | D:1      | Reached XP level 1. HP: 14/14 MP: 2/2
    72 | D:1      | Reached XP level 2. HP: 19/19 MP: 3/3
   291 | D:1      | Reached XP level 3. HP: 20/23 MP: 4/4
   720 | D:2      | Found an opulent altar of Gozag.
   720 | D:2      | Found Gozag's Platinum Reserve.
   738 | D:2      | Reached skill level 4 in Axes
   764 | D:2      | Noticed an ogre
   773 | D:2      | Killed an ogre
   773 | D:2      | Reached XP level 4. HP: 28/28 MP: 5/5
   773 | D:2      | Gained mutation: You can fly continuously. [Tengu growth]
   773 | D:2      | Reached XP level 5. HP: 32/32 MP: 6/6
   775 | D:2      | Reached ** piety under Trog
  1068 | D:2      | Found a deep blue altar of Sif Muna.
  1948 | D:3      | Reached skill level 5 in Axes
  2281 | D:4      | Found a basalt altar of Yredelemnul.
  2349 | D:4      | Found a staircase to the Ecumenical Temple.
  2354 | D:4      | Noticed an ogre
  2361 | D:4      | Killed an ogre
  2361 | D:4      | Reached XP level 6. HP: 38/38 MP: 3/7
  2362 | D:4      | Reached *** piety under Trog
  2505 | D:4      | Found a radiant altar of Vehumet.
  2702 | D:5      | Entered Level 5 of the Dungeon
  2852 | D:5      | Found a shimmering altar of Xom.
  3051 | D:5      | Found a shadowy altar of Dithmenos.
  3076 | D:5      | Reached XP level 7. HP: 39/43 MP: 8/8
  3095 | D:5      | Reached skill level 6 in Axes
  3277 | D:5      | Found the +2 ratskin cloak {+Rats rPois rN+ Str-1 Int-1
                  | Dex+1}
  3731 | D:5      | Reached **** piety under Trog
  4249 | D:6      | Reached XP level 8. HP: 34/48 MP: 9/9
  4417 | D:6      | Found a hazy altar of Hepliaklqana.
  4417 | D:6      | Found a snail-covered altar of Cheibriados.
  4417 | D:6      | Found a shattered altar of Ashenzari.
  4506 | D:6      | Reached skill level 5 in Fighting
  4506 | D:6      | Reached skill level 7 in Axes
  4506 | D:6      | Reached skill level 5 in Armour
  4512 | D:6      | Reached skill level 5 in Dodging
  5309 | D:6      | Reached skill level 8 in Axes
  5548 | D:6      | Noticed Duvessa
  5549 | D:6      | Noticed Dowan
  5554 | D:6      | Killed Duvessa
  5554 | D:6      | Reached XP level 9. HP: 54/55 MP: 10/10
  5559 | D:6      | Killed Dowan
  5638 | D:6      | Found a white marble altar of Elyvilon.
  5801 | D:7      | Noticed Harold
  5809 | D:7      | Killed Harold
  5809 | D:7      | Reached skill level 9 in Axes
  6000 | D:7      | Found a snail-covered altar of Cheibriados.
  6040 | D:7      | Found a transporter.
  6040 | D:7      | Noticed a green ugly thing
  6041 | D:7      | Noticed a spiny frog
  6044 | D:7      | Found an ornate altar of the Wu Jian Council.
  6044 | D:7      | Found a transporter.
  6302 | D:8      | Reached skill level 10 in Axes
  6412 | D:8      | Found a staircase to the Lair.
  6421 | D:8      | Reached XP level 10. HP: 61/61 MP: 11/11
  7376 | Lair:1   | Entered Level 1 of the Lair of Beasts
  7447 | Lair:1   | Noticed a black mamba
  7464 | Lair:1   | Killed a black mamba
  7467 | Lair:1   | Reached skill level 11 in Axes
  7809 | Lair:1   | Noticed a spiny frog
  7822 | Lair:1   | Killed a spiny frog
  8835 | Lair:1   | Reached XP level 11. HP: 61/68 MP: 12/12
  8877 | Lair:1   | Reached ***** piety under Trog
  9161 | Lair:2   | Found a staircase to the Swamp.
  9298 | Lair:2   | Reached skill level 12 in Axes
 10808 | Lair:2   | Reached skill level 1 in Evocations
 10903 | Lair:2   | Found a hole to the Spider Nest.
 11317 | Lair:3   | You are sucked into a shaft for 2 floors!
 11412 | Lair:5   | Reached skill level 13 in Axes
 11441 | Lair:5   | Reached XP level 12. HP: 34/76 MP: 14/14
 12039 | Lair:5   | Reached skill level 10 in Armour
 12045 | Lair:5   | Reached skill level 10 in Dodging
 12477 | Lair:6   | Entered Level 6 of the Lair of Beasts
 13122 | Lair:6   | Noticed a death yak
 13122 | Lair:6   | Noticed a death yak
 13265 | Lair:6   | Reached skill level 14 in Axes
 13298 | Lair:6   | Received a gift from Trog
 13534 | Lair:6   | Found a staircase to the Slime Pits.
 13948 | Lair:6   | Noticed a death yak
 13959 | Lair:5   | Killed a death yak
 14067 | Lair:6   | Killed a death yak
 14067 | Lair:6   | Reached XP level 13. HP: 71/82 MP: 17/17
 14070 | Lair:6   | Reached skill level 10 in Fighting
 14249 | Lair:6   | Received a gift from Trog
 14552 | Lair:6   | Reached skill level 5 in Evocations
 15892 | Lair:4   | Reached skill level 15 in Axes
 16911 | D:9      | Found a hide-covered altar of Uskayaw.
 17018 | D:9      | Noticed Psyche
 17032 | D:9      | Killed Psyche
 17035 | D:9      | Identified the +9 spear "Waco" {protect, rN+}
 17165 | D:9      | Received a gift from Trog
 17488 | D:9      | Found a stormy altar of Qazlal.
 17765 | D:10     | Entered Level 10 of the Dungeon
 17970 | D:10     | Reached XP level 14. HP: 38/88 MP: 19/19
 18199 | D:10     | Received a gift from Trog
 18713 | D:11     | Reached ****** piety under Trog
 19520 | D:11     | Found a bloodstained altar of Trog.
 19594 | D:11     | Found a staircase to the Orcish Mines.
 19845 | Orc:1    | Entered Level 1 of the Orcish Mines
 19881 | Orc:1    | Received a gift from Trog
 19995 | Orc:1    | Found Carumpe's Jewellery Shoppe.
 20433 | Orc:2    | Entered Level 2 of the Orcish Mines
 20891 | Orc:2    | Reached skill level 16 in Axes
 21087 | Orc:2    | Found a transporter.
 21093 | Orc:2    | Noticed Sonofthefire's ghost (journeyman MiFi)
 21193 | Orc:2    | Found a staircase to the Elven Halls.
 21238 | Orc:2    | Received a gift from Trog
 21254 | Orc:2    | Paralysed by an orc sorcerer for 3 turns
 21283 | Orc:2    | Paralysed by an orc sorcerer for 6 turns
 21687 | Orc:2    | Found a radiant altar of Vehumet.
 21687 | Orc:2    | Noticed Erolcha
 21701 | Orc:2    | Paralysed by Erolcha for 7 turns
 21730 | Orc:2    | Noticed Nergalle
 21731 | Orc:2    | Killed Erolcha
 21735 | Orc:2    | Found Quvihue's Antique Weapon Boutique.
 21750 | Orc:2    | Killed Nergalle
 21758 | Orc:2    | Found an ancient bone altar of Kikubaaqudgha.
 21822 | Orc:2    | Found Ytonaf's Distillery.
 21935 | Orc:2    | Found a transporter.
 22073 | Orc:2    | Found a roughly hewn altar of Beogh.
 22073 | Orc:2    | Found Irithit's Magic Scroll Shop.
 22117 | Orc:2    | Found Roystri's Gadget Shop.
 22836 | D:12     | Received a gift from Trog
 23630 | D:13     | Found a portal to a secret trove of treasure.
 23693 | D:13     | Reached XP level 15. HP: 95/95 MP: 21/21
 24585 | D:14     | Found a frozen archway.
 24598 | IceCv    | Entered an ice cave
 24615 | IceCv    | Received a gift from Trog
 26179 | D:14     | Reached skill level 17 in Axes
 26608 | D:14     | Found a gate to the Vaults.
 27301 | Swamp:1  | Entered Level 1 of the Swamp
 28392 | Swamp:1  | Noticed a thorn hunter
 28758 | D:14     | Got a twisted mace
 28902 | Orc:2    | Bought a scroll of identify for 24 gold pieces
 28902 | Orc:2    | Identified the +4 mace of Cuwaires {flame, MR+ Int+5 Dex-5}
                  | (You found it on level 14 of the Dungeon)
 29125 | Swamp:1  | Killed a thorn hunter
 29267 | Swamp:1  | Found a runed translucent door.
 29269 | Swamp:1  | Identified the +6 spear of Untruth {drain, rPois Int+3}
 29502 | Swamp:1  | Noticed Qemahefa's ghost (adept GrFi)
 29615 | Swamp:1  | Received a gift from Trog
 30546 | Swamp:2  | Reached XP level 16. HP: 103/103 MP: 23/23
 30572 | Swamp:2  | Reached skill level 18 in Axes
 30649 | Swamp:2  | Noticed a thorn hunter
 30659 | Swamp:2  | Killed a thorn hunter
 30750 | Swamp:2  | Noticed Roxanne
 31747 | Swamp:3  | Received a gift from Trog
 32745 | Swamp:4  | Entered Level 4 of the Swamp
 33366 | Swamp:4  | Noticed Mara
 33464 | Swamp:4  | Noticed BoppinsLewinski's illusion
 33857 | Swamp:3  | Reached skill level 19 in Axes
 33870 | Swamp:4  | Killed Mara
 33925 | Swamp:4  | Got a decaying rune of Zot
 34005 | Swamp:4  | Received a gift from Trog
 34222 | Spider:1 | Entered Level 1 of the Spider Nest
 34231 | Spider:1 | Reached XP level 17. HP: 109/109 MP: 24/24
 35282 | Spider:2 | Noticed Arachne
 35300 | Spider:2 | Killed Arachne
 35300 | Spider:2 | Received a gift from Trog
 35750 | Spider:2 | Reached skill level 20 in Axes
 35949 | Spider:2 | Reached skill level 15 in Armour
 36052 | Spider:2 | Received a gift from Trog
 37532 | Spider:4 | Entered Level 4 of the Spider Nest
 37600 | Spider:4 | Reached XP level 18. HP: 117/117 MP: 25/25
 38156 | Spider:4 | Received a gift from Trog
 38384 | Spider:4 | Reached skill level 21 in Axes
 38605 | Spider:4 | Got a gossamer rune of Zot
 38988 | Spider:4 | Identified a scroll of acquirement
 39255 | Vaults:1 | Entered Level 1 of the Vaults
 40319 | Vaults:1 | Reached skill level 15 in Fighting
 40398 | Vaults:1 | Received a gift from Trog
 40575 | Vaults:1 | Found a runed translucent door.
 40575 | Vaults:1 | Found a shimmering altar of Xom.
 40575 | Vaults:1 | Noticed Yloucecuu's ghost (veteran SpEn)
 40946 | Vaults:1 | HP: 1/119 [something (9)]
 40946 | Vaults:1 | Mangled by an ironheart preserver

Skill      XL: |  1  2  3  4  5  6  7  8  9 10 11 12 13 14 15 16 17 18 |
---------------+-------------------------------------------------------+-----
Axes           | 4 5 6 8 10 11 13 14 15 16 17 19 20 21 | 21.7
Armour         | 3 4 6 7 8 9 10 11 12 13 14 15 16 | 16.3
Dodging        | 3 4 5 7 8 9 10 11 12 13 | 13.1
Fighting       | 4 5 6 7 9 10 11 12 13 14 15 | 15.2
Evocations     | 1 4 6 7 8 |  8.7

Action                   |  1- 3 |  4- 6 |  7- 9 | 10-12 | 13-15 | 16-18 || total
-------------------------+-------+-------+-------+-------+-------+-------++-------
Melee: Hand axe          |    69 |    90 |   160 |       |       |       ||   319
       Kick              |    15 |    27 |   106 |   218 |   462 |   407 ||  1235
       Peck              |     6 |    15 |    45 |   119 |   288 |   256 ||   729
       Battleaxe         |       |       |   119 |   515 |   536 |       ||  1170
       Broad axe         |       |       |       |       |   253 |       ||   253
       Executioner's axe |       |       |       |       |   522 |  1073 ||  1595
       Mace              |       |       |       |       |    19 |    37 ||    56
Invok: Berserk           |     1 |     2 |     7 |     4 |    19 |    10 ||    43
       Brothers in Arms  |       |       |     1 |     1 |     5 |     3 ||    10
       Trog's Hand       |       |       |       |       |     9 |     4 ||    13
 Abil: Fly               |       |     1 |       |       |       |       ||     1
Evoke: Wand              |       |       |     2 |     8 |    14 |     8 ||    32
       Lightning rod     |       |       |       |       |       |     2 ||     2
  Use: Scroll            |       |     4 |     1 |     7 |    24 |    17 ||    53
       Potion            |       |       |       |     2 |    12 |    10 ||    24
 Stab: Sleeping          |     1 |       |       |       |       |       ||     1
       Invisible         |       |       |       |       |     9 |       ||     9
       Distracted        |       |       |       |       |       |     1 ||     1
       Paralysed         |       |       |       |       |       |     1 ||     1
  Eat: Chunk             |       |     8 |    10 |    22 |    24 |    20 ||    84
       Ration            |       |       |     2 |     2 |    20 |    11 ||    35
Armor: Animal skin       |     6 |       |       |       |       |       ||     6
       Scale mail        |     6 |       |       |       |       |       ||     6
       Plate armour      |     2 |    46 |   182 |   267 |   665 |   979 ||  2141
Dodge: Dodged            |    45 |    30 |   160 |   547 |  1532 |  1684 ||  3998
